SNL (28 & UNDER)
SALEM SILVER SOULS @ WEST VIRGINIA POWER
09/05/2027
 
TOP OF THE 1ST
Salem Silver Souls batting - Pitching for West Virginia Power : LHP Alberto Ruíz
Pitching: LHP Alberto Ruíz
Batting: LHB Joel Nelson 0-0: Ball
1-0: Called Strike
1-1: Ground out 4-3 (Groundball, 4)
Batting: RHB Ron Edwards 0-0: Ball
1-0: SINGLE (Flyball, 8RS)
Batting: LHB Chance Santry 0-0: Grounds into double play, 4-6-3 (Groundball, 4D)
Top of the 1st over - 0 run(s), 1 hit(s), 0 error(s), 0 left on base; Salem 0 - West Virginia 0
BOTTOM OF THE 1ST
West Virginia Power batting - Pitching for Salem Silver Souls : RHP Pat Wyatt
Pitching: RHP Pat Wyatt
Batting: RHB Pablo Sandoval 0-0: Fly out, F9 (Flyball, 9)
Batting: RHB Javier Peña 0-0: Ball
1-0: Ball
2-0: Swinging Strike
2-1: Called Strike
2-2: Foul Ball, location: 2F
2-2: Foul Ball, location: 2F
2-2: Strikes out looking
Batting: RHB Nick Harris 0-0: Called Strike
0-1: Foul Ball, location: 2F
0-2: Ball
1-2: Ball
2-2: Ball
3-2: Foul Ball, location: 2F
3-2: SINGLE (Line Drive, 7S)
Batting: RHB Juan Alberto 0-0: Foul Ball, location: 2F
0-1: Ball
1-1: Ball
2-1: SINGLE (Groundball, 56S) (infield hit)
Nick Harris to second
Batting: RHB Mike Ingram 0-0: Swinging Strike
0-1: Foul Ball, location: 2F
0-2: Ball
1-2: Ball
2-2: Strikes out looking
Bottom of the 1st over - 0 run(s), 2 hit(s), 0 error(s), 2 left on base; Salem 0 - West Virginia 0
TOP OF THE 2ND
Salem Silver Souls batting - Pitching for West Virginia Power : LHP Alberto Ruíz
Batting: RHB Gustavo Pagán 0-0: Foul Ball, location: 2F
0-1: Foul Ball, location: 2F
0-2: Ball
1-2: Fly out, F9 (Flyball, 9S)
Batting: RHB Jim Villiers 0-0: Called Strike
0-1: Ball
1-1: Ball
2-1: Ball
3-1: Base on Balls
Batting: SHB Tony Yan 0-0: Foul Ball, location: 2F
0-1: Foul Ball, location: 2F
0-2: Foul Ball, location: 2F
0-2: Ball
1-2: Ball
2-2: Fly out, F8 (Line Drive, 89M)
Batting: RHB Tom Hughes 0-0: Ball
1-0: Foul Ball, location: 2F
1-1: Foul Ball, location: 2F
1-2: Ball
2-2: Foul Ball, location: 2F
2-2: Foul Ball, location: 2F
2-2: Fielders Choice at 2nd, 6-4 (Groundball, 6)
Top of the 2nd over - 0 run(s), 0 hit(s), 0 error(s), 0 left on base; Salem 0 - West Virginia 0
BOTTOM OF THE 2ND
West Virginia Power batting - Pitching for Salem Silver Souls : RHP Pat Wyatt
Batting: LHB Héctor Soto 0-0: Ball
1-0: Ball
2-0: Ball
3-0: Called Strike
3-1: Base on Balls
Batting: RHB Jesse McKnight 0-0: Ball
1-0: DOUBLE (Line Drive, 7LM)
Héctor Soto to third
Batting: RHB Blair Whitehead 0-0: Called Strike
0-1: Ball
1-1: Ball
2-1: Called Strike
2-2: Fly out, F7 (Flyball, 7S)
Batting: RHB Brett Bell 0-0: Ball
1-0: Swinging Strike
1-1: Foul Ball, location: 2F
1-2: Ball
2-2: Ground out 1-3 (Groundball, 13)
Batting: RHB Pablo Sandoval 0-0: Called Strike
0-1: Foul Ball, location: 2F
0-2: Strikes out swinging, 2-3 out at first.
Bottom of the 2nd over - 0 run(s), 1 hit(s), 0 error(s), 2 left on base; Salem 0 - West Virginia 0
TOP OF THE 3RD
Salem Silver Souls batting - Pitching for West Virginia Power : LHP Alberto Ruíz
Batting: RHB Augusto Baiano 0-0: Ball
1-0: Ball
2-0: Ball
3-0: Base on Balls
Batting: RHB Jack Snyder 0-0: Called Strike
0-1: Called Strike
0-2: Strikes out swinging
Batting: LHB Joel Nelson 0-0: Ball
1-0: Swinging Strike
1-1: Called Strike
1-2: Strikes out swinging
Batting: RHB Ron Edwards 0-0: Ball
1-0: SINGLE (Groundball, 56D)
Augusto Baiano to second
Batting: LHB Chance Santry 0-0: Foul Ball, location: 2F
0-1: Ball
1-1: Ball
2-1: Ball
3-1: SINGLE (Popup, 4D)
Augusto Baiano to third
Ron Edwards to second
Runner from 3rd tries for Home, SAFE, no throw
Batting: RHB Gustavo Pagán 0-0: Called Strike
0-1: Ball
1-1: Called Strike
1-2: Ball
2-2: Ball
3-2: Base on Balls
Ron Edwards to third
Chance Santry to second
Batting: RHB Jim Villiers 0-0: Called Strike
0-1: Foul Ball, location: 2F
0-2: Ball
1-2: Fielders Choice at 2nd, 5-4 (Groundball, 56)
Top of the 3rd over - 1 run(s), 2 hit(s), 0 error(s), 2 left on base; Salem 1 - West Virginia 0
BOTTOM OF THE 3RD
West Virginia Power batting - Pitching for Salem Silver Souls : RHP Pat Wyatt
Batting: RHB Javier Peña 0-0: Ground out 5-3 (Groundball, 56)
Batting: RHB Nick Harris 0-0: Ball
1-0: Ball
2-0: Foul Ball, location: 2F
2-1: Foul Ball, location: 2F
2-2: Fly out, F8 (Line Drive, 78M)
Batting: RHB Juan Alberto 0-0: Called Strike
0-1: Ball
1-1: Foul Ball, location: 2F
1-2: Foul Ball, location: 2F
1-2: Ball
2-2: Ball
3-2: Base on Balls
Batting: RHB Mike Ingram 0-0: Called Strike
0-1: Ball
1-1: Ball
2-1: Swinging Strike
2-2: Ball
3-2: Foul Ball, location: 2F
3-2: Ground out 5-3 (Groundball, 5)
Bottom of the 3rd over - 0 run(s), 0 hit(s), 0 error(s), 1 left on base; Salem 1 - West Virginia 0
TOP OF THE 4TH
Salem Silver Souls batting - Pitching for West Virginia Power : LHP Alberto Ruíz
Batting: SHB Tony Yan 0-0: Ball
1-0: Called Strike
1-1: Called Strike
1-2: Ball
2-2: Ball
3-2: Strikes out looking
Batting: RHB Tom Hughes 0-0: Ball
1-0: Foul Ball, location: 2F
1-1: Fly out, F9 (Flyball, 9S)
Batting: RHB Augusto Baiano 0-0: Ball
1-0: Swinging Strike
1-1: Called Strike
1-2: Ball
2-2: Ball
3-2: Ground out 6-3 (Groundball, 6)
Top of the 4th over - 0 run(s), 0 hit(s), 0 error(s), 0 left on base; Salem 1 - West Virginia 0
BOTTOM OF THE 4TH
West Virginia Power batting - Pitching for Salem Silver Souls : RHP Pat Wyatt
Batting: LHB Héctor Soto 0-0: Ball
1-0: Ball
2-0: Ball
3-0: Base on Balls
Pitching: RHP Fernando Gutiérrez
Batting: RHB Jesse McKnight 0-0: Ball
1-0: Called Strike
1-1: Foul Ball, location: 2F
1-2: Ground out 2-3 (Groundball, 15S)
Héctor Soto to second
Batting: RHB Blair Whitehead 0-0: Ball
1-0: Swinging Strike
1-1: SINGLE (Groundball, 4MD)
Héctor Soto to third
Runner from 3rd tries for Home, SAFE, throw made home
Batting: RHB Brett Bell 0-0: Foul Ball, location: 2F
0-1: Ball
1-1: Swinging Strike
1-2: Ball
2-2: Ball
3-2: Base on Balls
Blair Whitehead to second
Batting: RHB Pablo Sandoval 0-0: Ball
1-0: Called Strike
1-1: Ball
2-1: Foul Ball, location: 2F
2-2: Ball
3-2: Base on Balls
Blair Whitehead to third
Brett Bell to second
Batting: RHB Javier Peña 0-0: Called Strike
0-1: Ball
1-1: Called Strike
1-2: Strikes out looking
Batting: RHB Nick Harris 0-0: Called Strike
0-1: Ball
1-1: Ball
2-1: Ball
3-1: Foul Ball, location: 2F
3-2: Base on Balls
Blair Whitehead scores
Brett Bell to third
Pablo Sandoval to second
Batting: RHB Juan Alberto 0-0: Swinging Strike
0-1: Ball
1-1: Fly out, F7 (Flyball, 78M)
Bottom of the 4th over - 2 run(s), 1 hit(s), 0 error(s), 3 left on base; Salem 1 - West Virginia 2
TOP OF THE 5TH
Salem Silver Souls batting - Pitching for West Virginia Power : LHP Alberto Ruíz
Batting: RHB Jack Snyder 0-0: SINGLE (Line Drive, 56D)
Batting: LHB Joel Nelson 0-0: Ball
1-0: Foul Ball, location: 2F
1-1: Fielders Choice at 2nd, 4-6 (Groundball, 4)
Batting: RHB Ron Edwards 0-0: Ball
Joel Nelson is caught stealing 2nd base
1-0: Ball
2-0: Ground out 5-3 (Groundball, 56)
Top of the 5th over - 0 run(s), 1 hit(s), 0 error(s), 0 left on base; Salem 1 - West Virginia 2
BOTTOM OF THE 5TH
West Virginia Power batting - Pitching for Salem Silver Souls : RHP Fernando Gutiérrez
Batting: RHB Mike Ingram 0-0: Foul Ball, location: 2F
0-1: Fly out, F7 (Flyball, 78S)
Pitching: RHP Phil Schroeder
Batting: LHB Héctor Soto 0-0: Called Strike
0-1: Ball
1-1: Ball
2-1: Foul Ball, location: 2F
2-2: Ball
3-2: SINGLE (Line Drive, 7LS)
Batting: RHB Jesse McKnight 0-0: DOUBLE (Line Drive, 89M)
Héctor Soto to third
Batting: RHB Blair Whitehead 0-0: Intentional Walk
Batting: RHB Brett Bell 0-0: Ball
1-0: Ball
2-0: Called Strike
2-1: Fly out, F7 (Flyball, 7S)
Batting: RHB Pablo Sandoval 0-0: Swinging Strike
0-1: Ball
1-1: Ground out 6-3 (Groundball, 6M)
Bottom of the 5th over - 0 run(s), 2 hit(s), 0 error(s), 3 left on base; Salem 1 - West Virginia 2
TOP OF THE 6TH
Salem Silver Souls batting - Pitching for West Virginia Power : LHP Alberto Ruíz
Batting: LHB Chance Santry 0-0: Foul Ball, location: 2F
0-1: Ball
1-1: Ground out 1-3 (Groundball, 15S)
Batting: RHB Gustavo Pagán 0-0: Called Strike
0-1: Foul Ball, location: 2F
0-2: Strikes out swinging
Batting: RHB Jim Villiers 0-0: Ball
1-0: Ball
2-0: Ball
3-0: Base on Balls
Batting: SHB Tony Yan 0-0: Called Strike
0-1: Swinging Strike
0-2: Ball
1-2: Strikes out swinging
Top of the 6th over - 0 run(s), 0 hit(s), 0 error(s), 1 left on base; Salem 1 - West Virginia 2
BOTTOM OF THE 6TH
West Virginia Power batting - Pitching for Salem Silver Souls : RHP Phil Schroeder
Batting: RHB Javier Peña 0-0: Ball
1-0: Ground out 6-3 (Groundball, 6)
Batting: RHB Nick Harris 0-0: Foul Ball, location: 2F
0-1: Ball
1-1: Ball
2-1: Swinging Strike
2-2: Ball
3-2: Reached on error, E6 (Groundball, 6)
Batting: RHB Juan Alberto 0-0: Ball
1-0: Called Strike
1-1: Ball
2-1: SINGLE (Groundball, 6MS) (infield hit)
Nick Harris to third
Batting: RHB Mike Ingram 0-0: Ball
1-0: Ball
2-0: Foul Ball, location: 2F
2-1: Foul Ball, location: 2F
2-2: Foul Ball, location: 2F
2-2: Ball
3-2: Fly out, F8 (Flyball, 8RS)
Batting: LHB Héctor Soto 0-0: Called Strike
0-1: Ball
1-1: SINGLE (Flyball, 5D)
Nick Harris scores
Juan Alberto to second
Batting: RHB Jesse McKnight 0-0: Foul Ball, location: 2F
0-1: Ball
1-1: Swinging Strike
1-2: SINGLE (Flyball, 9S)
Juan Alberto to third
Héctor Soto to second
Runner from 3rd tries for Home, SAFE, throw made at trailing runner, OUT at third!
Bottom of the 6th over - 2 run(s), 3 hit(s), 1 error(s), 1 left on base; Salem 1 - West Virginia 4
TOP OF THE 7TH
Salem Silver Souls batting - Pitching for West Virginia Power : LHP Alberto Ruíz
Batting: RHB Tom Hughes 0-0: Ball
1-0: Ball
2-0: Foul Ball, location: 2F
2-1: Foul Ball, location: 2F
2-2: SINGLE (Groundball, 56D)
Pitching: RHP Brad Flores
Batting: RHB Augusto Baiano 0-0: Ball
Wild Pitch!
Tom Hughes to second
1-0: Called Strike
1-1: Ball
2-1: Ball
3-1: Called Strike
3-2: Strikes out swinging
Batting: RHB Jack Snyder 0-0: Called Strike
0-1: Ball
1-1: Swinging Strike
1-2: Strikes out swinging
Batting: LHB Joel Nelson 0-0: Swinging Strike
0-1: Called Strike
0-2: Ball
1-2: 2-RUN HOME RUN (Flyball, 8LXD), Distance : 415 ft
Batting: RHB Ron Edwards 0-0: Called Strike
0-1: Called Strike
0-2: Strikes out swinging
Top of the 7th over - 2 run(s), 2 hit(s), 0 error(s), 0 left on base; Salem 3 - West Virginia 4
BOTTOM OF THE 7TH
West Virginia Power batting - Pitching for Salem Silver Souls : RHP Phil Schroeder
Batting: RHB Blair Whitehead 0-0: Ball
1-0: Called Strike
1-1: Swinging Strike
1-2: Foul Ball, location: 2F
1-2: Ball
2-2: Ball
3-2: Foul Ball, location: 2F
3-2: Base on Balls
Pitching: RHP Andy Hickey
Pinch Runner at 1st Lorenzo Ayala:
Batting: RHB Brett Bell 0-0: Bunted foul
0-1: Ball
1-1: Sac Bunt - play at first, batter OUT! 1-4
Lorenzo Ayala to second
Batting: RHB Pablo Sandoval 0-0: Intentional Walk
Pinch Hitting: LHB Ken Nelson 0-0: Called Strike
Lorenzo Ayala steals 3rd base
Pablo Sandoval to second
0-1: Ball
1-1: Fly out, F7 (Flyball, 7)
Runner from 3rd tags up, SCORES, no throw
Batting: RHB Nick Harris 0-0: Called Strike
0-1: Ball
1-1: Foul Ball, location: 2F
1-2: Ball
2-2: Ball
3-2: Base on Balls
Pinch Hitting: SHB Waylon Adams 0-0: Ball
1-0: Ball
2-0: Ball
3-0: Called Strike
3-1: Swinging Strike
3-2: Strikes out swinging
Bottom of the 7th over - 1 run(s), 0 hit(s), 0 error(s), 2 left on base; Salem 3 - West Virginia 5
TOP OF THE 8TH
Salem Silver Souls batting - Pitching for West Virginia Power : RHP Brad Flores
Now at 3B: Ron Guillén
Now at SS: Aaron Murray
Batting: LHB Chance Santry 0-0: Ball
1-0: Foul Ball, location: 2F
1-1: Ball
2-1: Foul Ball, location: 2F
2-2: Foul Ball, location: 2F
2-2: Ball
3-2: Foul Ball, location: 2F
3-2: SOLO HOME RUN (Flyball, 89XD), Distance : 434 ft
Pitching: RHP Rafael Trujillo
Batting: RHB Gustavo Pagán 0-0: Ball
1-0: Foul Ball, location: 2F
1-1: Fly out, F7 (Line Drive, 78M)
Batting: RHB Jim Villiers 0-0: Foul Ball, location: 2F
0-1: Ball
1-1: Ball
2-1: Swinging Strike
2-2: Foul Ball, location: 2F
2-2: Foul Ball, location: 2F
2-2: Ball
3-2: Base on Balls
Pitching: LHP John Helms
Pinch Hitting: SHB Francis Shaffer 0-0: Ball
1-0: Foul Ball, location: 2F
1-1: Called Strike
1-2: Strikes out looking
Pitching: RHP Mitch Irwin
Pinch Hitting: LHB Hamilton Hughes 0-0: Called Strike
0-1: Ball
1-1: Ball
2-1: Fly out, F8 (Flyball, 78S)
Top of the 8th over - 1 run(s), 1 hit(s), 0 error(s), 1 left on base; Salem 4 - West Virginia 5
BOTTOM OF THE 8TH
West Virginia Power batting - Pitching for Salem Silver Souls : RHP Andy Hickey
Now at 2B: Adam Thomas
Now at 3B: Francis Shaffer
Batting: RHB Mike Ingram 0-0: Called Strike
0-1: Swinging Strike
0-2: Ball
1-2: Ground out 4-3 (Groundball, 34)
Batting: LHB Héctor Soto 0-0: Ball
1-0: Fly out, F9 (Line Drive, 9)
Batting: RHB Jesse McKnight 0-0: Called Strike
0-1: Foul Ball, location: 2F
0-2: Ball
1-2: Strikes out swinging
Bottom of the 8th over - 0 run(s), 0 hit(s), 0 error(s), 0 left on base; Salem 4 - West Virginia 5
TOP OF THE 9TH
Salem Silver Souls batting - Pitching for West Virginia Power : RHP Mitch Irwin
Pitching: RHP Steve Snyder
Batting: RHB Augusto Baiano 0-0: Ball
1-0: Called Strike
1-1: Swinging Strike
1-2: Strikes out looking
Pinch Hitting: LHB Lyle Wilson 0-0: Ground out 4-3 (Groundball, 4)
Batting: LHB Joel Nelson 0-0: Called Strike
0-1: Ball
1-1: Swinging Strike
1-2: Foul Ball, location: 2F
1-2: SINGLE (Flyball, 8LS)
Pinch Hitting: SHB Dawson Fowler 0-0: Foul Ball, location: 2F
0-1: Foul Ball, location: 2F
0-2: Ground out 4-3 (Groundball, 4M)
Top of the 9th over - 0 run(s), 1 hit(s), 0 error(s), 1 left on base; Salem 4 - West Virginia 5
Thursday, March 30th, 2017 - OOTP Baseball 17.12 Build 75